 Dungeon Crawl Stone Soup version 0.22-a0-48-g8770677 (webtiles) character file.

371 Klosterheim the Skirmisher (level 6, -1/66 HPs)
             Began as an Ogre Skald on Jan 7, 2018.
             Slain by a worker ant (4 damage)
             ... on level 4 of the Dungeon.
             The game lasted 00:06:28 (3752 turns).

Klosterheim the Skirmisher (Ogre Skald)             Turns: 3752, Time: 00:06:29

Health: -1/66      AC:  3    Str: 21    XL:     6   Next: 71%
Magic:  2/10       EV: 10    Int: 16    God:
Gold:   115        SH:  0    Dex:  8    Spells: 4/11 levels left

rFire    . . .     SeeInvis .   a - +0 mace
rCold    . . .     Gourm    .   (no shield)
rNeg     . . .     Faith    .   b - +0 robe
rPois    .         Spirit   .   (helmet restricted)
rElec    .         Reflect  .   (no cloak)
rCorr    .         Harm     .   (gloves unavailable)
MR       .....                  (boots unavailable)
Stlth    +.........             (no amulet)
HPRegen  0.21/turn              (no ring)
MPRegen  0.12/turn              (no ring)

@: mighty, lethally poisoned (-1 -> -4)
A: large, unfitting armour, tough skin 1
a: no special abilities


You were on level 4 of the Dungeon.
You were hungry.

You visited 1 branch of the dungeon, and saw 4 of its levels.

You collected 115 gold pieces.

Inventory:

Hand Weapons
 a - a +0 mace (weapon)
Missiles
 f - a throwing net (quivered)
Armour
 b - a +0 robe (worn)
Scrolls
 g - 2 scrolls of amnesia {unknown}
 i - a scroll of enchant armour {unknown}
 j - a scroll of fear {unknown}
 k - 2 scrolls of identify {unknown}
 n - a scroll of immolation {unknown}
 p - a scroll of noise {unknown}
 q - a scroll of teleportation {unknown}
Potions
 e - 3 potions of might
 h - a potion of lignification {unknown}
 o - a potion of curing {unknown}
Books
 c - a book of Battle

   Spells                             Type                      Level
   a - Infusion                       Charms                       1
   b - Shroud of Golubria             Charms/Translocation         2
   c - Song of Slaying                Charms                       2
   d - Spectral Weapon                Hexes/Charms                 3
   e - Regeneration                   Charms/Necromancy            3
 m - a book of Minor Magic

   Spells                             Type                      Level
   a - Magic Dart                     Conjuration                  1
   b - Blink                          Translocation                2
   c - Call Imp                       Summoning                    2
   d - Slow                           Hexes                        2
   e - Conjure Flame                  Conjuration/Fire             3
   f - Mephitic Cloud                 Conjuration/Poison/Air       3
Comestibles
 d - 3 rations


   Skills:
 + Level 5.1 Fighting
 * Level 4.7 Maces & Flails
 - Level 2.1 Dodging
 + Level 3.3 Spellcasting
 + Level 3.2 Charms


You had 4 spell levels left.
You knew the following spells:

 Your Spells              Type           Power        Failure   Level  Hunger
a - Infusion              Chrm           ##..         4%          1    None
b - Song of Slaying       Chrm           ##......     7%          2    ##.....
c - Shroud of Golubria    Chrm/Tloc      #.........   14%         2    ##.....
d - Blink                 Tloc           N/A          28%         2    ##.....


Dungeon Overview and Level Annotations

Branches:
Dungeon (4/15)
 Temple: D:4-7

Altars:
Fedhas
Hepliaklqana
Yredelemnul

Annotations:
D:3 KristoblXynda's ghost, amateur DrGl


Innate Abilities, Weirdness & Mutations

You are too large for most types of armour.
You have tough skin. (AC +1)


Message History

The worker ant bites you but does no damage.
You hit the worker ant.
The worker ant is heavily wounded.
You feel sick. The worker ant bites you.
* * * LOW HITPOINT WARNING * * *
Casting: Infusion
Confirm with . or Enter, or press ? or * to list all spells.
Okay, then.
You feel sick.
Casting: Infusion
Confirm with . or Enter, or press ? or * to list all spells.
Okay, then.
Casting: Infusion
Confirm with . or Enter, or press ? or * to list all spells.
You blink.
You feel sick. The worker ant bites you!
* * * LOW HITPOINT WARNING * * *
It was a potion of might.
You feel very mighty all of a sudden. The worker ant misses you.
The worker ant bites you.
You die...

####.###..####.....####...#...#
.....###..# ##...##..#...#...#
..........# ##.##...#...#.#.#
.....###..## #.#...##...#...#
.... #...## +#.#')##....#.###
... #....###...###...#.#..
#........8.........#.#
##...###..a###....... #..##
+#@#†.# .#. #.## #.#...# #.#
#.##...# #.# ... #.?# #. ...
### ..... ##.## #..


You could see a worker ant.

Vanquished Creatures
  A bullfrog (D:4)
  A hound (D:4)
  An orc priest (D:3)
  2 orc wizards (D:4)
  Jessica (D:2)
  A worker ant (D:4)
  3 adders
  A shadow imp (D:4)
  5 oozes
  2 worms (D:2)
  3 dart slugs
  5 leopard geckos
  10 orcs
  A ball python (D:1)
  3 giant cockroaches
  8 goblins
  7 hobgoblins
  A jackal (D:1)
  5 bats (D:1)
  4 frilled lizards
  A kobold (D:1)
  7 rats
73 creatures vanquished.

Notes
Turn   | Place    | Note
-------+----------+-------------------------------------------
     0 | D:1      | Klosterheim the Ogre Skald began the quest for the Orb.
     0 | D:1      | Reached XP level 1. HP: 22/22 MP: 3/3
    76 | D:1      | Reached skill level 3 in Fighting
    76 | D:1      | Reached XP level 2. HP: 13/31 MP: 0/5
   540 | D:1      | Reached XP level 3. HP: 33/37 MP: 6/6
   951 | D:2      | Noticed Jessica
   971 | D:2      | Killed Jessica
   971 | D:2      | Reached XP level 4. HP: 33/48 MP: 7/7
  1233 | D:2      | Reached skill level 4 in Fighting
  1507 | D:2      | Found a blossoming altar of Fedhas.
  1507 | D:2      | Found a hazy altar of Hepliaklqana.
  1750 | D:3      | Reached XP level 5. HP: 31/55 MP: 4/8
  2387 | D:3      | Found a basalt altar of Yredelemnul.
  2978 | D:3      | Noticed KristoblXynda's ghost (amateur DrGl)
  3001 | D:4      | Learned a level 2 spell: Song of Slaying
  3004 | D:4      | Learned a level 2 spell: Shroud of Golubria
  3007 | D:4      | Learned a level 2 spell: Blink
  3078 | D:4      | Reached XP level 6. HP: 48/65 MP: 4/10
  3733 | D:4      | Reached skill level 5 in Fighting
  3751 | D:4      | HP: 3/66 [worker ant (8)]
  3752 | D:4      | Slain by a worker ant

Vault maps used:
D:1:      dpeg_arrival_brainrot, hex_large
D:2:      gammafunk_temple_overflow_elements, uniq_jessica
D:3:      lemuel_crystal_altar
D:4:      cheibrodos_barr_body, nemelex_xobeh_ov_fountains_minmay, first_ration,
          uniq_sigmund

Skill      XL: |  1  2  3  4  5  6 |
---------------+-------------------+-----
Maces & Flails | 2 3 4 |  4.7
Fighting       | 3 4 5 |  5.1
Charms         | 3 |  3.2
Spellcasting   | 3 |  3.3
Dodging        | |  2.1

Action                   |  1- 3 |  4- 6 || total
-------------------------+-------+-------++-------
Melee: Mace              |    87 |   174 ||   261
 Cast: Infusion          |     2 |     8 ||    10
       Blink             |       |     1 ||     1
       Shroud of Golubri |       |     1 ||     1
       Song of Slaying   |       |     1 ||     1
  Use: Scroll            |       |     1 ||     1
       Potion            |       |     1 ||     1
  Eat: Chunk             |       |     9 ||     9
Armor: Robe              |    32 |    35 ||    67
Dodge: Dodged            |    71 |   102 ||   173

Table legend:
 A = Spawn XP
 B = Non-spawn XP
 C = Spawn XP percentage of total XP
 D = Spawn monster count
 E = Non-spawn monster count
 F = Spawn count percentage of total count
 G = Total turns spent on level
                    A         B        C        D         E        F      G
               +---------+---------+-------+---------+---------+-------+---------
         Total |       0 |     531 |   0.0 |       0 |      73 |   0.0 |  3752
               +---------+---------+-------+---------+---------+-------+---------
           D:1 |       0 |      47 |   0.0 |       0 |      24 |   0.0 |   950
           D:2 |       0 |     130 |   0.0 |       0 |      23 |   0.0 |  1571
           D:3 |       0 |      86 |   0.0 |       0 |      15 |   0.0 |   468
           D:4 |       0 |     268 |   0.0 |       0 |      11 |   0.0 |   763
               +---------+---------+-------+---------+---------+-------+---------
